 Dungeon Crawl Stone Soup version 0.14-a0-3520-g290746a (webtiles) character file.

10109 Persuasio the Shield-Bearer (level 11, -1/84 HPs)
             Began as a Human Fighter on Mar 26, 2014.
             Was a High Priest of Okawaru.
             Slain by a yak (4 damage)
             ... on Level 10 of the Dungeon on Mar 27, 2014.
             The game lasted 01:27:25 (13121 turns).

Persuasio the Shield-Bearer (Human Fighter)        Turns: 13121, Time: 01:27:25

HP  -1/84        AC 13     Str 18      XL: 11   Next: 76%
MP  12/12        EV  5     Int 10      God: Okawaru [*****.]
Gold 572         SH 23     Dex 13      Spells:  0 memorised, 10 levels left

rFire  . . .     SeeInvis .     e - +2,+1 flail (crush)
rCold  . . .     Clarity  .     h - +0 chain mail
rNeg   . . .     Conserve .     c - +1 shield
rPois  .         rCorr    +     L - +2 helmet
rElec  .         rRot     .     (no cloak)
SustAb . .       Spirit   .     (no gloves)
rMut   .         Warding  .     (no boots)
Saprov . . .     Stasis   .     C - amulet of resist corrosion
MR     .....                    (no ring)
                                (no ring)

@: not resistant to hostile enchantments, extremely unstealthy
A: mutation resistance 1, screaming 1
a: Heroism, Finesse, Renounce Religion


You were on level 10 of the Dungeon.
You worshipped Okawaru.
Okawaru was extremely pleased with you.
You were not hungry.

You visited 1 branch of the dungeon, and saw 10 of its levels.

You collected 572 gold pieces.

Inventory:

Hand weapons
 a - a +0,+1 long sword
 e - a +2,+1 flail of crushing (weapon)
 w - a +0,+0 sling
 I - a +0,+0 scimitar
Missiles
 f - 58 sling bullets
 k - 33 darts
 n - 123 stones
 r - 3 tomahawks
 y - 6 javelins of returning (quivered)
 D - a throwing net
 K - 15 sling bullets of frost
Armour
 c - a +1 shield (worn)
 h - a +0 chain mail (worn)
 L - a +2 helmet (worn)
Magical devices
 i - a wand of random effects (11)
 v - a wand of frost (16)
 G - a wand of confusion (0)
 J - a wand of lightning (7)
Comestibles
 b - a honeycomb
 d - 4 bread rations
 p - 2 pears
 x - 2 beef jerkies
 A - 3 meat rations
Scrolls
 j - a scroll of recharging
 m - a scroll of random uselessness
 o - a scroll of magic mapping
 q - 4 scrolls of remove curse
 u - 7 scrolls of identify
Jewellery
 C - an amulet of resist corrosion (around neck)
Potions
 g - a potion of heal wounds
 l - 3 potions of restore abilities
 t - a potion of agility
 B - 2 potions of brilliance
Books
 F - Cigotuvi's Reference Book on Ashen Transmutation
   (You found it on level 6 of the Dungeon)

   Spells                             Type                      Level
   Passwall                           Transmutation/Earth          3
   Spider Form                        Transmutation/Poison         3
   Statue Form                        Transmutation/Earth          6
   Dragon Form                        Transmutation                7


   Skills:
 * Level 7.4 Fighting
 * Level 6.4 Long Blades
 + Level 5.2 Maces & Flails
 * Level 7.2 Slings
 + Level 3.0 Throwing
 + Level 7.3 Armour
 + Level 6.7 Dodging
 + Level 1.9 Stealth
 + Level 7.5 Shields
 + Level 0.7 Invocations
 + Level 0.9 Evocations


You had 10 spell levels left.
You didn't know any spells.

Dungeon Overview and Level Annotations

Branches:
Dungeon (10/15)            Temple (0/1) D:6             Orc (0/4) D:9
   Lair (0/8) D:9

Altars:
Cheibriados
Elyvilon
Fedhas
Kikubaaqudgha
Okawaru
Trog
Vehumet
Yredelemnul
The Shining One

Annotations:
D:4 runewalsh's ghost, experienced OpIE


Innate Abilities, Weirdness & Mutations

You are somewhat resistant to further mutation.
You occasionally shout uncontrollably.


Message History

The yak gores you!
* * * LOW HITPOINT WARNING * * *
You hit the yak.
You kill the yak!
Okawaru accepts your kill.
You hit the yak.
The yak is lightly wounded.
The yak gores you!
* * * LOW HITPOINT WARNING * * *
You barely miss the yak.
The yak is lightly wounded.
You block the yak's attack.
You closely miss the yak.
The yak is lightly wounded.
The yak gores you!
* * * LOW HITPOINT WARNING * * *
You hit the yak.
The yak is moderately wounded.
You block the yak's attack. The yak gores you.
You die...

(#.# ##.#.####
......... .#.#.####
...#.# .###.#
.....#########
##...#.......#######..#
##...#..........@Y....#
.....'..).....######.##
######........#
#........# #........#
#.######.# #.# #.#
#.######.# #........#


You could see a yak.

Vanquished Creatures
  The ghost of TZer0 the Thaumaturge, an experienced GrEE of Sif Muna (D:8)
  Pikel (D:9)
  A hill giant (D:8)
  Joseph (D:9)
  3 komodo dragons (D:9)
  Grinder (D:6)
  9 yaks
  A wyvern (D:8)
  3 hungry ghosts
  3 wolves (D:9)
  Grum (D:9)
  A hippogriff (D:8)
  A mottled dragon (D:9)
  Edmund (D:5)
  A necrophage (D:7)
  2 phantoms
  2 slaves (D:9)
  A black bear (D:7)
  2 centaurs
  4 ogres
  Sigmund (D:4)
  4 crocodiles
  2 big kobolds (D:9)
  7 giant frogs
  3 wights (D:6)
  A scorpion (D:5)
  A yak skeleton (D:7)
  2 vampire bats (D:4)
  3 goliath beetles
  7 hounds
  10 crimson imps
  7 iguanas
  4 jellies
  A quasit (D:8)
  2 giant frog skeletons
  7 worker ants
  3 orc priests
  6 orc wizards
  A killer bee zombie (D:7)
  A hound skeleton (D:9)
  A mummy (D:10)
  13 adders
  3 gnolls (D:7)
  A giant mite (D:7)
  2 shadow imps
  11 worms
  An adder skeleton (D:4)
  9 giant geckos
  3 oozes
  35 orcs
  3 ball pythons
  6 bat skeletons (D:4)
  3 bat zombies (D:4)
  3 giant cockroaches
  12 goblins
  18 hobgoblins
  4 quokkas
  18 bats
  5 giant newts (D:1)
  A giant newt skeleton (D:5)
  12 jackals
  24 kobolds
  2 orc skeletons
  19 rats
  2 rat skeletons
324 creatures vanquished.

Vanquished Creatures (others)
  A kobold (D:9)
1 creature vanquished.

Grand Total: 325 creatures vanquished

Notes
Turn   | Place    | Note
--------------------------------------------------------------
     0 | D:1      | Persuasio, the Human Fighter, began the quest for the Orb.
     0 | D:1      | Reached XP level 1. HP: 18/18 MP: 1/1
   178 | D:1      | Reached XP level 2. HP: 20/24 MP: 2/2
   497 | D:1      | Reached XP level 3. HP: 25/29 MP: 3/3
  1180 | D:2      | Reached skill level 1 in Dodging
  1180 | D:2      | Reached XP level 4. HP: 21/35 MP: 4/4
  1620 | D:2      | Found a radiant altar of Vehumet.
  1622 | D:2      | Found a basalt altar of Yredelemnul.
  1707 | D:2      | Found a snail-covered altar of Cheibriados.
  1814 | D:2      | Noticed a moth of wrath
  1917 | D:2      | Found a bloodstained altar of Trog.
  2305 | D:3      | Reached XP level 5. HP: 41/41 MP: 5/5
  2541 | D:3      | Reached skill level 1 in Throwing
  2891 | D:3      | Reached skill level 4 in Armour
  2891 | D:3      | Reached XP level 6. HP: 42/47 MP: 6/6
  3149 | D:3      | Found a white marble altar of Elyvilon.
  3255 | D:3      | HP: 2/47 [orc (4)]
  3739 | D:4      | Noticed runewalsh's ghost (experienced OpIE)
  3882 | D:4      | Reached skill level 1 in Slings
  3906 | D:4      | Found an iron altar of Okawaru.
  3929 | D:4      | Became a worshipper of Warmaster Okawaru
  3937 | D:4      | Noticed Sigmund
  4000 | D:4      | Killed Sigmund
  4000 | D:4      | Reached XP level 7. HP: 29/52 MP: 7/7
  4093 | D:4      | Found an ancient bone altar of Kikubaaqudgha.
  4266 | D:4      | Acquired Okawaru's first power
  4571 | D:5      | Entered Level 5 of the Dungeon
  4891 | D:5      | Noticed Edmund
  4945 | D:5      | Killed Edmund
  4945 | D:5      | Reached skill level 5 in Shields
  4945 | D:5      | Reached XP level 8. HP: 31/60 MP: 8/8
  5139 | D:5      | Reached skill level 1 in Stealth
  5388 | D:5      | Reached skill level 5 in Armour
  5437 | D:5      | HP: 3/60 [something (4)]
  5770 | D:5      | Reached skill level 1 in Maces & Flails
  6153 | D:6      | Found a staircase to the Ecumenical Temple.
  6178 | D:6      | Noticed Grinder
  6209 | D:6      | Paralysed by Grinder for 6 turns
  6218 | D:6      | Reached XP level 9. HP: 18/66 MP: 9/9
  6274 | D:6      | Gained mutation: You are somewhat resistant to further mutation. [potion of mutation]
  6274 | D:6      | Gained mutation: You occasionally shout uncontrollably. [potion of mutation]
  6297 | D:6      | Identified Cigotuvi's Reference Book on Ashen Transmutation
  6332 | D:6      | Paralysed by Grinder for 3 turns
  6362 | D:6      | Killed Grinder
  6388 | D:6      | Found a glowing golden altar of the Shining One.
  6647 | D:7      | Reached skill level 5 in Fighting
  6957 | D:7      | Reached skill level 6 in Shields
  7135 | D:7      | Reached skill level 5 in Slings
  7174 | D:7      | Upgraded the game from 0.14-a0-3509-g488b3d4 to 0.14-a0-3520-g290746a
  7745 | D:8      | Noticed a hill giant
  7840 | D:8      | Found a blossoming altar of Fedhas.
  7972 | D:8      | Noticed TZer0's ghost (experienced GrEE)
  8229 | D:8      | Reached XP level 10. HP: 75/75 MP: 11/11
  8484 | D:8      | Reached skill level 5 in Dodging
  8527 | D:8      | Killed TZer0's ghost
  8763 | D:8      | Killed a hill giant
  8763 | D:8      | Reached skill level 5 in Long Blades
  9808 | D:9      | Noticed Pikel
  9865 | D:9      | Noticed Joseph
 10225 | D:9      | Killed Joseph
 10321 | D:9      | Noticed Grum
 10337 | D:9      | Reached XP level 11. HP: 43/83 MP: 10/12
 10714 | D:9      | Killed Pikel
 10714 | D:9      | Reached skill level 7 in Armour
 11000 | D:9      | Killed Grum
 11002 | D:9      | Acquired Okawaru's second power
 11228 | D:9      | Reached skill level 5 in Maces & Flails
 11584 | D:9      | Found a staircase to the Orcish Mines.
 12467 | D:9      | Found a staircase to the Lair.
 12819 | D:10     | Entered Level 10 of the Dungeon
 13120 | D:10     | HP: 3/84 [yak (10)]
 13121 | D:10     | Slain by a yak

Action                   |  1- 3 |  4- 6 |  7- 9 | 10-12 || total
-------------------------+-------+-------+-------+-------++-------
Melee: Long sword        |   111 |   338 |   117 |       ||   566
       Flail             |       |       |   346 |   641 ||   987
 Fire: Sling             |       |    18 |    36 |    30 ||    84
Throw: Dart              |     2 |    23 |     5 |       ||    30
       Stone             |       |     7 |       |       ||     7
       Javelin           |       |       |     4 |    34 ||    38
Invok: Heroism           |       |       |     2 |    10 ||    12
Evoke: Wand              |       |       |     6 |     3 ||     9
  Use: Scroll            |       |    11 |    14 |     6 ||    31
       Potion            |       |     5 |     6 |     7 ||    18
